 Dungeon Crawl Stone Soup version 0.21-a0-272-g984ae92 (webtiles) character file.

135 motkurip the Insei (level 4, -7/35 HPs)
             Began as a Demonspawn Monk on Sept 15, 2017.
             Killed by divine providence
             ... invoked by an orc priest
              (14 damage)
             ... on level 4 of the Dungeon.
             The game lasted 00:05:58 (1388 turns).

motkurip the Insei (Demonspawn Monk)                Turns: 1388, Time: 00:05:59

Health: -7/35      AC: 13    Str: 12    XL:     4   Next: 97%
Magic:  4/4        EV:  6    Int: 11    God:
Gold:   114        SH:  0    Dex: 16    Spells: 3/3 levels left

rFire    . . .     SeeInvis .     - Unarmed
rCold    . . .     Gourm    .   (no shield)
rNeg     . . .     Faith    .   e - +0 chain mail
rPois    .         Spirit   .   g - +0 helmet
rElec    .         Reflect  .   (no cloak)
rCorr    .         Harm     .   (no gloves)
MR       .....                  (no boots)
Stlth    ..........             (no amulet)
HPRegen  0.11/turn              c - +2 ring of protection
MPRegen  0.09/turn              (no ring)

@: no status effects
A: thin metallic scales 1, spiny 1
a: no special abilities


You were on level 4 of the Dungeon.
You were not hungry.

You visited 1 branch of the dungeon, and saw 4 of its levels.

You collected 114 gold pieces.

Inventory:

Hand Weapons
 x - a +0 war axe
Armour
 a - a +0 robe
 e - a +0 chain mail (worn)
 g - a +0 helmet (worn)
 k - a +0 scale mail
Jewellery
 c - a +2 ring of protection (left hand)
 p - an uncursed ring of ice
 y - an uncursed amulet of magic regeneration {unknown}
Scrolls
 d - 3 scrolls of remove curse {unknown}
 f - 3 scrolls of identify {unknown}
 m - a scroll of enchant weapon {unknown}
 u - a scroll of magic mapping {unknown}
 v - a scroll of blinking {unknown}
 A - a scroll of enchant armour {unknown}
Potions
 i - a potion of agility {unknown}
 l - a potion of degeneration {unknown}
 n - a potion of mutation {unknown}
 o - a potion of ambrosia {unknown}
 q - a potion of brilliance {unknown}
 s - 3 potions of haste {unknown}
 t - a potion of invisibility
 w - a potion of resistance {unknown}
 z - a potion of heal wounds {unknown}
Comestibles
 b - 4 bread rations
 j - 4 royal jellies
 B - 2 meat rations


   Skills:
 + Level 3.5 Fighting
 + Level 1.9 Armour
 - Level 2.7 Dodging
 - Level 1.7 Stealth
 * Level 4.2 Unarmed Combat


You had 3 spell levels left.
You didn't know any spells.

Dungeon Overview and Level Annotations

Branches:
Dungeon (4/15)
 Temple: D:4-7

Altars:
Dithmenos
Gozag

Annotations:
D:4 NormalPerson7's ghost, amateur NaTm


Innate Abilities, Weirdness & Mutations

You are partially covered in thin metallic scales. (AC +2)
You are partially covered in sharp spines.


Message History

The iguana bites you but does no damage.
Throwing (i - inventory):
r - a throwing net (quivered)
Press: ? - help, Shift-Dir - straight line, f - iguana
Aim: an iguana (moderately wounded)
You throw a throwing net.
The throwing net closely misses the iguana.
The iguana bites you.
* * * LOW HITPOINT WARNING * * *
Okay, then.
A jackal skeleton comes into view.
Found a chain mail.
A scorpion comes into view.
Found a stone staircase leading up.
Found a troll leather armour.
You see here a troll leather armour.
An orc priest and an orc wizard come into view.
The orc wizard shouts!
You hear a shout!
The orc priest mumbles some strange prayers to Beogh against you.
Beogh smites you!
You die...

### #### #Z#.#. #..
..# #s#l#.
####.####.# #.#.Z.
..#....#.####.#.##
#.#.##.....##.#...
####.#.####(.........
#....l.s.Z....#####.#
#.##.#######..# .#
.##@# #..# .#
#..o....# #..# .#
#.##o##.#######.># .#
#.##......##..#####.#
##.........#.......#
..............###..#
#..........#.## ..#
...........#.# ..#
#....##.####.# .##


You could see an iguana, an orc priest and an orc wizard.

Vanquished Creatures
  A worker ant (D:4)
  3 adders
  5 oozes (D:1)
  An adder skeleton (D:4)
  2 worms
  5 bats
  9 giant cockroaches
  2 goblins (D:3)
  5 hobgoblins
  9 jackals (D:1)
  3 kobolds
  A quokka (D:2)
  2 frilled lizards (D:3)
  3 rats (D:1)
51 creatures vanquished.

Notes
Turn   | Place    | Note
-------+----------+-------------------------------------------
     0 | D:1      | motkurip the Demonspawn Monk began the quest for the Orb.
     0 | D:1      | Reached XP level 1. HP: 18/18 MP: 1/1
     3 | D:1      | Found a runed door.
   152 | D:1      | Reached skill level 3 in Unarmed Combat
   163 | D:1      | Gained mutation: You are partially covered in thin metallic scales. (AC +2) [demonic ancestry]
   163 | D:1      | Reached XP level 2. HP: 10/24 MP: 2/2
   561 | D:1      | Reached skill level 1 in Armour
   562 | D:1      | Reached XP level 3. HP: 29/29 MP: 3/3
   647 | D:1      | Gained mutation: You are partially covered in sharp spines. [demonic ancestry]
   647 | D:1      | Reached XP level 4. HP: 35/35 MP: 4/4
   742 | D:2      | Found an opulent altar of Gozag.
   783 | D:2      | Reached skill level 4 in Unarmed Combat
   784 | D:2      | Found a faded altar of an unknown god.
  1106 | D:3      | Found a shadowy altar of Dithmenos.
  1262 | D:4      | Noticed NormalPerson7's ghost (amateur NaTm)
  1388 | D:4      | Killed from afar by an orc priest

Vault maps used:
D:1:      dpeg_arrival_caged_fury
D:2:      old_standard_altar, chequers_ecumenical_altar_simple, first_bread,
          feat_on_display
D:3:      nicolae_dithmenos_shadow_blocks, led_sif_pool, minmay_liquid_box,
          supply_closet_lemuel, uniq_terence, uniq_sigmund
D:4:      nicolae_ru_sacrificial_ziggurat

Skill      XL: |  1  2  3  4 |
---------------+-------------+-----
Unarmed Combat | 3 4 |  4.2
Armour         | 1 |  1.9
Fighting       | |  3.5
Dodging        | |  2.7
Stealth        | |  1.7

Action                   |  1- 3 |  4- 6 || total
-------------------------+-------+-------++-------
Melee: Unarmed           |   148 |    72 ||   220
       Punch             |       |     1 ||     1
Throw: Tomahawk          |       |     2 ||     2
       Throwing net      |       |     1 ||     1
  Use: Potion            |       |     1 ||     1
 Stab: Sleeping          |     1 |       ||     1
       Distracted        |       |     1 ||     1
       Invisible         |       |     1 ||     1
  Eat: Fruit             |       |     1 ||     1
       Chunk             |       |     1 ||     1
Armor: Chain mail        |   101 |    34 ||   135
       Robe              |     3 |       ||     3
Dodge: Dodged            |    40 |    14 ||    54

Table legend:
 A = Spawn XP
 B = Non-spawn XP
 C = Spawn XP percentage of total XP
 D = Spawn monster count
 E = Non-spawn monster count
 F = Spawn count percentage of total count
 G = Total turns spent on level
                    A         B        C        D         E        F      G
               +---------+---------+-------+---------+---------+-------+---------
         Total |       0 |     194 |   0.0 |       0 |      51 |   0.0 |  1388
               +---------+---------+-------+---------+---------+-------+---------
           D:1 |       0 |      99 |   0.0 |       0 |      33 |   0.0 |   655
           D:2 |       0 |      42 |   0.0 |       0 |       9 |   0.0 |   359
           D:3 |       0 |      14 |   0.0 |       0 |       7 |   0.0 |   267
           D:4 |       0 |      39 |   0.0 |       0 |       2 |   0.0 |   107
               +---------+---------+-------+---------+---------+-------+---------
